 Dungeon Crawl Stone Soup version 0.30-a0-1066-g63dfefce0d (webtiles) character file.

Game seed: 17978444619992405707

742 BubbleThief the Cudgeller (level 7, -6/67 HPs)
             Began as a Naga Cinder Acolyte on Apr 12, 2023.
             Was a High Priest of Ignis.
             Mangled by a troll (8 damage)
             ... on level 5 of the Dungeon.
             The game lasted 00:07:28 (5057 turns).

BubbleThief the Cudgeller (Naga Cinder Acolyte)     Turns: 5057, Time: 00:07:29

Health: -6/67      AC: 15    Str: 18    XL:     7   Next: 76%
Magic:  3/8        EV:  8    Int: 15    God:    Ignis [*****.]
Gold:   286        SH:  0    Dex:  6    Spells: 6/8 levels left

rFire   + + .      SeeInvis +    a - -1 mace (flame)
rCold   . . .      Faith    .    (no shield)
rNeg    + . .      Spirit   .    C - +2 ring mail {rF+}
rPois   +          Reflect  .    r - +0 helmet of the Ecumenical Temple {Will+}
rElec   .          Rampage  .    (no cloak)
rCorr   .                        n - +0 pair of gloves
Will    +....                    (no barding) Stlth
                                 y - amulet of the acrobat
HPRegen 0.31/turn                D - ring of positive energy
MPRegen 0.11/turn                (no ring)

@: fiery-armoured, very slightly contaminated, very slow
A: AC +2, large, see invisible, deformed body, poison resistance, slowness 2,
spit poison 1, naga tail 1
a: Spit Poison, Renounce Religion, Fiery Armour, Foxfire Swarm, Rising Flame


You were on level 5 of the Dungeon.
You worshipped Ignis.
Ignis was extremely pleased with you.
You visited 1 branch of the dungeon, and saw 5 of its levels.

You collected 286 gold pieces.

Inventory:

Hand Weapons
 a - a -1 mace of flaming (weapon)
 t - a +6 halberd
Armour
 b - a +0 robe
 n - a +0 pair of gloves (worn)
 r - the +0 helmet of the Ecumenical Temple (worn) {Will+}
   (You found it on level 4 of the Dungeon)

   Will:      It increases your willpower.
 w - a +0 buckler
 C - a +2 ring mail of fire resistance (worn)
Magical Staves
 q - a staff of air
Jewellery
 y - an amulet of the acrobat (around neck)
 D - a ring of positive energy (left hand)
Wands
 l - a wand of flame (18)
Scrolls
 d - 7 scrolls of teleportation {unknown}
 e - 3 scrolls of enchant armour {unknown}
 g - 2 scrolls of fog {unknown}
 h - a scroll of magic mapping {unknown}
 i - 2 scrolls of identify {unknown}
 k - 2 scrolls of immolation {unknown}
 m - a scroll of blinking {unknown}
 z - a scroll of vulnerability {unknown}
 A - a scroll of poison {unknown}
Potions
 c - 4 potions of heal wounds {unknown}
 f - a potion of brilliance {unknown}
 j - a potion of flight {unknown}
 o - 2 potions of curing {unknown}
 p - a potion of degeneration {unknown}
 s - a potion of might {unknown}
 u - a potion of ambrosia {unknown}
 v - 4 potions of lignification {unknown}
 x - a potion of mutation {unknown}
 B - a potion of resistance {unknown}


   Skills:
 + Level 5.6 Fighting
 * Level 7.4 Maces & Flails
 - Level 1.0 Spellcasting
 - Level 3.0 Fire Magic


You had 6 spell levels left.
You knew the following spells:

 Your Spells              Type           Power      Damage    Failure   Level
a - Scorch                Fire           18%        2d6       19%         2

Your spell library contained the following spells:

 Spells                   Type           Power      Damage    Failure   Level


Dungeon Overview and Level Annotations

Branches:
Dungeon (5/15)
 Temple: D:4-7

Altars:
Dithmenos
Gozag
Hepliaklqana
Makhleb
Qazlal
Ru
Trog

Shops:
D:3 *


Innate Abilities, Weirdness & Mutations

Your serpentine skin is tough. (AC +2)
You have supernaturally acute eyesight. (SInv)
Armour fits poorly on your strangely shaped body.
Your system is resistant to poisons. (rPois)
You cover ground very slowly.
You can spit poison.
You have a snake-like lower body.


Message History

The troll is burned by your cloak of flames.
The troll is heavily wounded.
The troll barely misses you. The troll claws you but does no damage.
You hit the troll but do no damage.
The troll is heavily wounded.
The troll bites you but does no damage.
The troll is burned terribly!
The troll is burned by your cloak of flames.
The troll is heavily wounded.
The troll claws you but does no damage.
The troll is burned by your cloak of flames.
The troll is severely wounded.
The troll barely misses you.
You closely miss the troll.
The troll is severely wounded.
You have got your breath back.
The troll bites you!
* * * LOW HITPOINT WARNING * * *
The troll is burned terribly!
The troll is burned by your cloak of flames.
The troll is severely wounded.
The troll claws you but does no damage.
The troll is burned terribly!
The troll is burned by your cloak of flames.
The troll is severely wounded.
The troll claws you!
* * * LOW HITPOINT WARNING * * *
The troll is burned terribly!
The troll is burned by your cloak of flames.
The troll is almost dead.
Casting: Scorch (safe; 19% risk of failure)
Confirm with . or Enter, or press ? or * to list all spells.
You miscast Scorch.
You are very lightly contaminated with residual magic.
Nothing appears to happen.
The troll is no longer more vulnerable to fire.
The troll completely misses you. The troll claws you.
* * * LOW HITPOINT WARNING * * *
The troll is burned by your cloak of flames.
The troll is almost dead.
The troll claws you!
You die...

###### ###.....### #####
#####.........# ....#
#..#...........
....######..#...........
....##..................
.........###............
.....##### ##...........
....## ##..@T.....(
....# ###........ ....#
##....... ...## #......
...# ##### #.....
..###### #...### .....
..##...###.....## .###
.###._.##.......## ..#
## #...#.........##..#


You could see a troll.

Vanquished Creatures
  Eustachio (D:5)
  A phantom (D:5)
  A scorpion (D:3)
  2 hounds (D:5)
  2 orc priests (D:5)
  A jelly (D:5)
  3 iguanas
  3 orc wizards
  3 adders
  4 gnolls
  7 worms
  A dart slug (D:4)
  10 orcs (D:5)
  6 ball pythons
  5 bats
  An endoplasm (D:3)
  7 giant cockroaches
  7 goblins
  7 hobgoblins
  2 jackals (D:2)
  9 kobolds
  4 quokkas
  3 frilled lizards
  3 rats
93 creatures vanquished.

Notes
Turn   | Place    | Note
-------+----------+-------------------------------------------
     0 | D:1      | BubbleThief the Naga Cinder Acolyte began the quest for the
                  | Orb.
     0 | D:1      | Reached XP level 1. HP: 21/21 MP: 2/2
   199 | D:1      | Reached XP level 2. HP: 25/28 MP: 3/3
   978 | D:2      | Reached XP level 3. HP: 34/34 MP: 4/4
  1141 | D:2      | Learned a level 2 spell: Scorch
  1168 | D:2      | Reached skill level 4 in Maces & Flails
  1516 | D:3      | Found Yduf's General Store.
  1583 | D:3      | Found a sacrificial altar of Ru.
  1592 | D:3      | Reached XP level 4. HP: 39/44 MP: 0/5
  1693 | D:3      | Noticed a scorpion
  1699 | D:3      | Killed a scorpion
  1700 | D:3      | Reached skill level 5 in Maces & Flails
  1700 | D:3      | Reached XP level 5. HP: 38/50 MP: 3/6
  1805 | D:3      | Found a bloodstained altar of Trog.
  2215 | D:4      | Found a burning altar of Makhleb.
  2541 | D:4      | Identified the +0 helmet of the Ecumenical Temple {Will+}
  2694 | D:4      | Found a hazy altar of Hepliaklqana.
  2926 | D:3      | Reached XP level 6. HP: 58/58 MP: 0/7
  3040 | D:3      | Found a faded altar of an unknown god.
  3216 | D:3      | Found a shadowy altar of Dithmenos.
  3845 | D:5      | Entered Level 5 of the Dungeon
  3993 | D:5      | Reached skill level 6 in Maces & Flails
  4277 | D:5      | Reached skill level 5 in Fighting
  4277 | D:5      | Reached XP level 7. HP: 25/67 MP: 1/8
  4472 | D:5      | Noticed Eustachio
  4516 | D:5      | Killed Eustachio
  4517 | D:5      | Reached skill level 7 in Maces & Flails
  4875 | D:5      | Found an opulent altar of Gozag.
  4882 | D:5      | Found a stormy altar of Qazlal.
  5044 | D:5      | Noticed a troll
  5057 | D:5      | HP: 2/67 [troll (6)]
  5057 | D:5      | Mangled by a troll

Illustrated notes

Levels and vault maps discovered:
D:1:      elethiomel_arrival_shortcut, layout_loops_corners
D:2:      layout_basic
D:3:      layout_loops_ring, bloody_trog, grunt_dithmenos_smoke,
          nicolae_ru_great_annihilating_truth,
          shapermc_ecumenical_altar_totnotflames, serial_shops,
          nicolae_shop_hallway_stairs, hangedman_decor_clover_reticule,
          minivault_5
D:4:      layout_loops_ring, bloody_makhleb, mainiacjoe_overflow_small_starburst
D:5:      layout_cave_pods, mainiacjoe_overflow_big_doors,
          hellmonk_okawaru_the_only_friend_you_need, minivault_23, uniq_pikel,
          uniq_eustachio

Skill      XL: |  1  2  3  4  5  6  7 |
---------------+----------------------+-----
Maces & Flails | 4 5 6 7 |  7.4
Fighting       | 4 5 |  5.6
Spellcasting   | |  1.0
Fire Magic     | |  3.0

Action                     |  1- 3 |  4- 6 |  7- 9 || total
---------------------------+-------+-------+-------++-------
  Melee: Mace              |    73 |    49 |    46 ||   168
   Cast: Scorch            |     7 |    34 |     8 ||    49
 Invoke: Fiery Armour      |       |       |     1 ||     1
Ability: Spit Poison       |    17 |    29 |    11 ||    57
 Armour: Robe              |    19 |    14 |       ||    33
         Ring mail         |       |     7 |    39 ||    46
  Dodge: Dodged            |    35 |    24 |    24 ||    83

Table legend: (Time is in decaauts)
 A = Elapsed time spent in this place.
 B = Non-inter-level travel time spent in this place.
 C = Inter-level travel time spent in this place.
 D = Time resting spent in this place.
 E = Time spent auto-exploring this place.
 F = Levels seen in this place.
 G = Mean time per level.
                   A        B        C        D        E       F      G
               +--------+--------+--------+--------+--------+-----+--------+
         Total |   6408 |   6172 |    236 |    115 |   5270 |   5 | 1281.6 |
       Dungeon |   6408 |   6172 |    236 |    115 |   5270 |   5 | 1281.6 |
               +--------+--------+--------+--------+--------+-----+--------+

Top non-repeatable levels by time:
     D:3: 1668 daAuts
     D:5: 1466 daAuts
     D:4: 1289 daAuts
     D:1: 1151 daAuts
     D:2: 833 daAuts
